 Dungeon Crawl Stone Soup version bcrawl-1.19.1 (webtiles) character file.

Game seed: 4099383661933821010

217 Freyura the Skirmisher (level 5, -4/33 HPs)
             Began as a Gargoyle Fighter on Nov 23, 2019.
             Killed by divine providence
             ... invoked by an orc priest
              (14 damage)
             ... on level 4 of the Dungeon.
             The game lasted 00:06:46 (2310 turns).

Freyura the Skirmisher (Gargoyle Fighter)           Turns: 2310, Time: 00:06:46

Health: -4/33      AC: 12    Str: 19    XL:     5   Next: 94%
Magic:  5/5        EV:  8    Int:  9    God:
Gold:   187        SH:  9    Dex: 10    Spells: 4/4 levels left

rFire    . . .     SeeInvis .   l - +1 mace (drain)
rCold    . . .     Gourm    .   c - +0 shield
rNeg     + . .     Faith    .   b - +0 scale mail
rPois    ∞         Spirit   .   (no helmet)
rElec    +         Reflect  .   (no cloak)
rCorr    +         Harm     .   d - +0 pair of gloves
MR       .....                  (no boots)
Stlth    ..........             (no amulet)
HPRegen  0.11/turn              m - ring of resist corrosion
MPRegen  0.09/turn              (no ring)

@: no status effects
A: negative energy resistance 1, electricity resistance, unbreathing,
petrification resistance, rot immunity, AC +4
a: no special abilities


You were on level 4 of the Dungeon.
You were not hungry.

You visited 1 branch of the dungeon, and saw 4 of its levels.

You collected 187 gold pieces.

Inventory:

Hand Weapons
 a - a +0 flail
 l - a +1 mace of draining (weapon)
Armour
 b - a +0 scale mail (worn)
 c - a +0 shield (worn)
 d - a +0 pair of gloves (worn)
Jewellery
 m - a ring of resist corrosion (left hand)
Scrolls
 e - a scroll of remove curse {unknown}
 h - 2 scrolls of enchant armour {unknown}
 i - 2 scrolls of blinking {unknown}
 j - a scroll of enchant weapon {unknown}
 k - 2 scrolls of identify {unknown}
 n - a scroll of teleportation {unknown}
Potions
 g - a potion of flight {unknown}
 o - a potion of haste {unknown}
 p - a potion of mutation {unknown}
 q - a potion of degeneration {unknown}
 r - a potion of heal wounds {unknown}
Comestibles
 f - 5 rations {!d}


   Skills:
 + Level 4.1 Fighting
 * Level 3.8 Maces & Flails
 + Level 4.1 Armour
 + Level 1.5 Dodging
 + Level 4.1 Shields


You had 4 spell levels left.
You didn't know any spells.
Your spell library was empty.

Dungeon Overview and Level Annotations

Branches:
Dungeon (4/12)
 Temple: D:4-7

Altars:
Hepliaklqana
The Shining One


Innate Abilities, Weirdness & Mutations

You are resistant to torment.
Your stone body is resilient. (AC +4)
You are immune to poison.
You resist negative energy. (rN+)
You are resistant to electric shocks. (rElec)
You can survive without breathing.
You are immune to petrification.
You are immune to rotting.


Message History

You are too injured to fight recklessly!
You hit the orc wizard.
The orc wizard is lightly wounded.
The orc wizard closely misses you.
The orc priest calls down the wrath of Beogh upon you.
Beogh smites you!
You closely miss the orc wizard.
The orc wizard is lightly wounded.
The orc wizard hits you but does no damage.
You hit the orc wizard but do no damage.
You drain the orc wizard.
The orc wizard is moderately wounded.
You block the orc wizard's attack.
The orc wizard hits you but does no damage.
You sock the orc wizard! You drain the orc wizard.
You kill the orc wizard!
The orc barely misses you.
The orc priest calls down the wrath of Beogh upon you.
Beogh smites you!
You die...

#[.. #.†...# #...
#.....## #....
##.....#
#....##..###.###
#.....#.## #...#
#.......# ###.#
#....#..# ##..##
#### ##.## #....#
#..#....#@#
#..#.##.#o#
#....##.#o#
#.#..##?#.#
.#######<#.##..#.#
..............##..
#####..........##.
#.####.....# . #.#
.##...


You could see an orc priest and an orc.

Vanquished Creatures
  An orc wizard (D:4)
  An orc priest (D:3)
  2 worker ants
  2 adders (D:3)
  An ooze (D:2)
  2 worms
  A dart slug (D:1)
  5 leopard geckos
  5 orcs (D:3)
  A ball python (D:3)
  3 giant cockroaches
  7 hobgoblins
  10 jackals
  10 kobolds
  3 quokkas
  4 bats
  3 frilled lizards
  5 goblins
  A jackal skeleton (D:4)
  4 rats
71 creatures vanquished.

Notes
Turn   | Place    | Note
-------+----------+-------------------------------------------
     0 | D:1      | Freyura the Gargoyle Fighter began the quest for the Orb.
     0 | D:1      | Reached XP level 1. HP: 14/14 MP: 1/1
    86 | D:1      | Reached XP level 2. HP: 16/19 MP: 2/2
   361 | D:1      | Reached XP level 3. HP: 23/23 MP: 3/3
  1052 | D:2      | Reached XP level 4. HP: 29/29 MP: 4/4
  1307 | D:2      | Found a hazy altar of Hepliaklqana.
  1700 | D:3      | Reached skill level 1 in Dodging
  1751 | D:3      | Reached XP level 5. HP: 19/33 MP: 5/5
  2160 | D:3      | Found a glowing golden altar of the Shining One.
  2310 | D:4      | Killed from afar by an orc priest

Skill      XL: |  1  2  3  4  5 |
---------------+----------------+-----
Maces & Flails | 3 |  3.8
Dodging        | 1 |  1.5
Fighting       | 4 |  4.1
Shields        | 4 |  4.1
Armour         | 4 |  4.1

Action                   |  1- 3 |  4- 6 || total
-------------------------+-------+-------++-------
Melee: Flail             |   146 |       ||   146
       Mace              |       |    94 ||    94
  Use: Potion            |       |     1 ||     1
  Eat: Chunk             |     1 |     4 ||     5
Armor: Scale mail        |    79 |    49 ||   128
Dodge: Dodged            |    42 |    40 ||    82
Block: Shield            |    93 |    61 ||   154
